 Dungeon Crawl Stone Soup version 0.30-a0-627-gc11e7ae810 (webtiles) character file.

Game seed: 16295588760654580490

1215 Oxelix the Skirmisher (level 8, -6/40 HPs)
             Began as a Spriggan Hunter on Jan 12, 2023.
             Was an Initiate of Gozag.
             Mangled by an ice beast (12 damage)
             ... on level 6 of the Dungeon.
             The game lasted 00:10:14 (4865 turns).

Oxelix the Skirmisher (Spriggan Hunter)             Turns: 4865, Time: 00:10:15

Health: -6/40      AC:  4    Str: 13    XL:     8   Next: 22%
Magic:  9/9        EV: 18    Int: 10    God:    Gozag
Gold:   223        SH:  0    Dex: 21    Spells: 7/7 levels left

rFire   + . .      SeeInvis +    a - +0 shortbow
rCold   x . .      Faith    .    (shield currently unavailable)
rNeg    . . .      Spirit   .    n - +0 robe
rPois   .          Reflect  .    f - +1 hat {SInv}
rElec   .          Harm     .    s - +0 cloak
rCorr   .          Rampage  .    (gloves unavailable)
Will    +....                    (boots unavailable)
Stlth   ++                       (no amulet)
HPRegen 0.26/turn                l - +6 ring of strength
MPRegen 0.11/turn                m - ring of fire

@: very quick
A: very small, no large weapons, unfitting armour, see invisible, speed 3
a: Renounce Religion, Potion Petition, Call Merchant, Bribe Branch


You were on level 6 of the Dungeon.
You worshipped Gozag.
Gozag was aware of your devotion.
You visited 2 branches of the dungeon, and saw 7 of its levels.

You collected 297 gold pieces.
You paid 74 gold pieces to Gozag.

Inventory:

Hand Weapons
 a - a +0 shortbow (weapon)
 F - a +0 sling
 H - the +7 rapier of the Candelabrum {freeze, rElec rC++ Str+3 Stlth-}
   (You found it on level 6 of the Dungeon)

   Str:       It affects your strength (+3).
   rC:        It greatly protects you from cold.
   rElec:     It insulates you from electricity.
   Stlth:     It makes you less stealthy.
Missiles
 c - 11 poisoned darts
 q - a throwing net
 u - 2 silver boomerangs
 z - 3 boomerangs
Armour
 f - a +1 hat of see invisible (worn)
 n - a +0 robe (worn)
 o - an orb of wrath
 s - a +0 cloak (worn)
Jewellery
 l - a +6 ring of strength (left hand)
 m - a ring of fire (right hand)
Wands
 j - a wand of flame (48)
 v - a wand of paralysis (11)
Scrolls
 b - 2 scrolls of immolation
 d - 2 scrolls of fear
 g - a scroll of vulnerability {unknown}
 i - 3 scrolls of noise {unknown}
 p - a scroll of acquirement {unknown}
 t - 3 scrolls of teleportation
 x - 3 scrolls of brand weapon {unknown}
 y - a scroll of silence {unknown}
 C - a scroll of identify {unknown}
 D - a scroll of magic mapping {unknown}
Potions
 e - a potion of curing {unknown}
 h - a potion of ambrosia {unknown}
 k - 2 potions of brilliance {unknown}
 r - 2 potions of resistance {unknown}
 w - a potion of invisibility {unknown}
 A - 2 potions of mutation {unknown}
 B - 2 potions of flight {unknown}
 E - a potion of might {unknown}
 G - 2 potions of heal wounds {unknown}
 I - a potion of haste {unknown}


   Skills:
 + Level 3.2 Fighting
 * Level 10.1 Ranged Weapons
 - Level 2.6 Dodging
 - Level 1.5 Stealth


You had 7 spell levels left.
You didn't know any spells.
Your spell library contained the following spells:

 Spells                   Type           Power      Damage    Failure   Level
 Sandblast                Erth           0%         2d4       36%         1
 Slow                     Hex            0%         N/A       36%         1
 Passwall                 Tmut/Erth      0%         N/A       50%         2
 Confusing Touch          Hex            0%         N/A       75%         3
 Stone Arrow              Conj/Erth      0%         3d7       75%         3
 Vampiric Draining        Necr           0%         2d6       75%         3


Dungeon Overview and Level Annotations

Branches:
Dungeon (6/15)             Temple (1/1) D:5

Altars:
Ashenzari
Cheibriados
Dithmenos
Fedhas
Gozag
Hepliaklqana
Kikubaaqudgha
Makhleb
Nemelex Xobeh
Okawaru
Qazlal
Ru
Sif Muna
Trog
Uskayaw
Vehumet
Wu Jian
Yredelemnul
Zin

Shops:
D:4 (   D:5 [


Innate Abilities, Weirdness & Mutations

You are very small and have problems with some larger weapons.
You are too small for most types of armour.
You have supernaturally acute eyesight. (SInv)
You cover ground extremely quickly. (Speed+++)


Message History

* * * LOW HITPOINT WARNING * * *
You puncture the ice beast!
The ice beast is almost dead.
The ice beast hits you.
* * * LOW HITPOINT WARNING * * *
The ice beast freezes you. You resist.
* * * LOW HITPOINT WARNING * * *
The +7 rapier of the Candelabrum {freeze, rElec rC++ Str+3 Stlth-} stops glowing.
a - a +0 shortbow (weapon)
Fire: a) +0 shortbow
Press: ? - help, Q - select action, (/) - cycle Shift-Dir - straight line, f/p - ice beast
Aim: an ice beast (almost dead, 68% to hit)
You shoot an arrow.
The arrow hits the ice beast but does no damage.
The ice beast is almost dead.
Fire: a) +0 shortbow
Press: ? - help, Q - select action, (/) - cycle Shift-Dir - straight line, f/p - ice beast
Aim: an ice beast (almost dead, 68% to hit)
You shoot an arrow.
The arrow hits the ice beast but does no damage.
The ice beast is almost dead.
Fire: a) +0 shortbow
Press: ? - help, Q - select action, (/) - cycle Shift-Dir - straight line, f/p - ice beast
Aim: an ice beast (almost dead, 68% to hit)
You shoot an arrow. The arrow closely misses the ice beast.
There is a stone staircase leading up here.
Fire: a) +0 shortbow
Press: ? - help, Q - select action, (/) - cycle Shift-Dir - straight line, f/p - ice beast
Aim: an ice beast (almost dead, 68% to hit)
Okay, then.
Fire: a) +0 shortbow
Press: ? - help, Q - select action, (/) - cycle Shift-Dir - straight line, f/p - ice beast
Aim: an ice beast (almost dead, 68% to hit)
You shoot an arrow. The arrow hits the ice beast.
The ice beast is almost dead.
The ice beast hits you.
* * * LOW HITPOINT WARNING * * *
The ice beast freezes you!
You feel a terrible chill!
You die...
Your body crumbles into a pile of gold.

### ..# ###### #.#
#....# #.# #.##.# #.#
#.<#.# #.# #####
#..#.# #.# #...#
#Y.#.# #.####...#
#@.#.####...##...#
#..####.#...........#
#...................#
#.#####.#........)...
#.......#............
#################....
#.... #.... #....


You could see an ice beast.

Vanquished Creatures
  Pikel (D:4)
  Menkaure (D:5)
  A water moccasin (D:5)
  A black bear (D:5)
  A lemure (D:4)
  A bullfrog (D:6)
  A scorpion (D:5)
  A hound (D:5)
  A jelly (D:6)
  Jessica (D:2)
  An iguana (D:5)
  7 gnolls
  7 adders
  2 white imps (D:5)
  3 worms
  2 dart slugs
  6 orcs
  7 endoplasms
  3 giant cockroaches
  8 goblins
  5 hobgoblins
  7 jackals (D:1)
  2 quokkas
  5 ball pythons
  9 bats
  3 frilled lizards
  3 kobolds
  7 rats
97 creatures vanquished.

Vanquished Creatures (others)
  An orc (D:3)
  2 plants (D:1)
3 creatures vanquished.

Grand Total: 100 creatures vanquished

Notes
Turn   | Place    | Note
-------+----------+-------------------------------------------
     0 | D:1      | Oxelix the Spriggan Hunter began the quest for the Orb.
     0 | D:1      | Reached XP level 1. HP: 10/10 MP: 2/2
   183 | D:1      | Reached XP level 2. HP: 14/14 MP: 3/3
   745 | D:1      | Found a faded altar of an unknown god.
  1027 | D:2      | Reached skill level 5 in Ranged Weapons
  1027 | D:2      | Reached XP level 3. HP: 17/18 MP: 4/4
  1328 | D:2      | Noticed Jessica
  1330 | D:2      | Killed Jessica
  1331 | D:2      | Reached XP level 4. HP: 22/22 MP: 5/5
  1628 | D:2      | Reached skill level 6 in Ranged Weapons
  1842 | D:2      | Reached XP level 5. HP: 25/25 MP: 6/6
  2167 | D:3      | Found a radiant altar of Vehumet.
  2310 | D:3      | Found an ornate altar of the Wu Jian Council.
  2734 | D:4      | Found Pirav's Weapon Shop.
  2762 | D:4      | Noticed Pikel
  2762 | D:4      | Noticed a lemure
  2762 | D:4      | Noticed a lemure
  2789 | D:4      | Killed a lemure
  2791 | D:4      | Noticed a lemure
  2792 | D:4      | Noticed a lemure
  2801 | D:4      | Killed Pikel
  2802 | D:4      | Reached skill level 8 in Ranged Weapons
  2802 | D:4      | Reached XP level 6. HP: 23/30 MP: 7/7
  2802 | D:4      | Reached XP level 7. HP: 26/33 MP: 8/8
  3230 | D:5      | Entered Level 5 of the Dungeon
  3266 | D:5      | Reached skill level 9 in Ranged Weapons
  3400 | D:5      | Noticed Menkaure
  3419 | D:5      | Killed Menkaure
  3663 | D:5      | Found a hide-covered altar of Uskayaw.
  3870 | D:5      | Found a burning altar of Makhleb.
  3933 | D:5      | Found a staircase to the Ecumenical Temple.
  4037 | Temple   | Entered the Ecumenical Temple
  4122 | Temple   | Became a worshipper of Gozag Ym Sagoz the Greedy
  4315 | D:5      | Found Wofis's Antique Armour Shop.
  4356 | D:6      | Identified the +7 rapier of the Candelabrum {freeze, rElec
                  | rC++ Str+3 Stlth-}
  4367 | D:6      | Noticed a wyvern
  4379 | D:6      | Reached XP level 8. HP: 35/39 MP: 9/9
  4480 | D:5      | Reached skill level 10 in Ranged Weapons
  4768 | D:6      | Found a blossoming altar of Fedhas.
  4865 | D:6      | Mangled by an ice beast

Illustrated notes

Levels and vault maps discovered:
D:1:      dpeg_arrival_simpleton_c, layout_loops_corners,
          dilly_ecumenical_altar_fadedgnrine, nicolae_kite_square_tiling_tiny,
          minmay_misc_feat_alley, corexii_hall_statues_t
D:2:      layout_basic, grunt_decor_one_mirror, uniq_jessica
D:3:      layout_loops_ring, fiery_altar_vehumet, lemuel_round_altar,
          minmay_diced_spiral
D:4:      layout_basic, serial_shops, shop, uniq_pikel
D:5:      layout_loops_corners, lightli_temple_of_fire,
          eat_drink_and_be_merry_uskayaw, minmay_temple_entry_poolview,
          serial_shops, shop, uniq_menkaure
D:6:      layout_basic, marbit_many_paths
Temple:   compressed_dpeg_circular_temple

Skill      XL: |  1  2  3  4  5  6  7  8 |
---------------+-------------------------+-----
Ranged Weapons | 5 6 8 9 10 | 10.1
Fighting       | 2 3 |  3.2
Dodging        | |  2.6
Stealth        | |  1.5

Action                   |  1- 3 |  4- 6 |  7- 9 || total
-------------------------+-------+-------+-------++-------
Melee: Rapier            |       |       |     5 ||     5
 Fire: Shortbow          |    90 |   113 |   109 ||   312
       Sling             |       |       |    28 ||    28
  Use: Scroll            |       |       |     2 ||     2
Armor: Robe              |    15 |     6 |     3 ||    24
Dodge: Dodged            |    47 |    32 |    34 ||   113

Table legend: (Time is in decaauts)
 A = Elapsed time spent in this place.
 B = Non-inter-level travel time spent in this place.
 C = Inter-level travel time spent in this place.
 D = Time resting spent in this place.
 E = Time spent auto-exploring this place.
 F = Levels seen in this place.
 G = Mean time per level.
                   A        B        C        D        E       F      G
               +--------+--------+--------+--------+--------+-----+--------+
         Total |   3252 |   3118 |    134 |    133 |   2049 |   7 |  464.6 |
       Dungeon |   3196 |   3062 |    134 |    133 |   2011 |   6 |  532.7 |
        Temple |     56 |     56 |      0 |      0 |     37 |   1 |   56.0 |
               +--------+--------+--------+--------+--------+-----+--------+

Top non-repeatable levels by time:
     D:5: 893 daAuts
     D:1: 658 daAuts
     D:2: 629 daAuts
     D:3: 496 daAuts
     D:4: 355 daAuts
     D:6: 162 daAuts
  Temple: 56 daAuts
